cohdb
Replays
Latest Replays
All Replays
Popular Replays
Top Player Replays
Match Explorer
How It Works
Community
CoH3 Stats
Reddit
Sign in to upload your games and track your stats! →
Sign in with Steam
Match 35236625
Unlisted
Match 35236625
Overview
Messages
Build Orders
End
Scout Squad
Scout Squad
Scout Squad
Scout Squad
Engineer Squad
Construct Barracks
M1 Mortar Team
Selects Advanced Infantry Battlegroup
Selects Convert to Ranger Squad
Selects Frontline Medical Station
Frontline Medical Station
Ranger Squad
Air Support Center
Construct Tank Depot
M18 Hellcat Tank Destroyer
Selects Ammunition Storage
M18 Hellcat Tank Destroyer
Engineer Squad
joker
Domzukun
ron
Bolle
XDAY-Fedor Emelianenko <3
matrix4x4
lazhadeg
SmartCoCo1
0
0
Comments
sign in to comment!
No comments posted yet!